 Dungeon Crawl Stone Soup version 0.30-a0-54-g2e61a25929 (webtiles) character file.

Game seed: 5377647823923444758

641 govnacolonbrown the Ducker (level 7, -6/67 HPs)
             Began as a Troll Fighter on Sept 8, 2022.
             Mangled by an iguana (9 damage)
             ... on level 5 of the Dungeon.
             The game lasted 00:47:49 (4680 turns).

govnacolonbrown the Ducker (Troll Fighter)          Turns: 4680, Time: 00:47:49

Health: -6/67      AC: 11    Str: 25    XL:     7   Next: 26%
Magic:  6/6        EV:  9    Int:  4    God:
Gold:   299        SH:  8    Dex: 11    Spells: 6/6 levels left

rFire   + . .      SeeInvis .    h - +5 short sword (venom)
rCold   . . .      Faith    .    b - +0 kite shield
rNeg    . . .      Spirit   .    a - +0 robe
rPois   .          Reflect  .    D - +2 hat "Galehac" {rF+}
rElec   .          Harm     .    n - +0 cloak
rCorr   .          Rampage  .    (gloves unavailable)
Will    .....                    (boots unavailable)
Stlth   +.........               i - amulet of regeneration
HPRegen 1.81/turn                e - +4 ring of protection
MPRegen 0.10/turn                (no ring)

@: mighty
A: large, unfitting armour, claws 3, regeneration 1, shaggy fur 1, tough skin 1
a: no special abilities


You were on level 5 of the Dungeon.
You visited 1 branch of the dungeon, and saw 5 of its levels.

You collected 299 gold pieces.

Inventory:

Hand Weapons
 h - a +5 short sword of venom (weapon)
 k - a +0 mace
 l - a +0 dagger
 p - a +0 club
 q - a +0 dagger
 C - a +0 trident
Missiles
 o - 15 stones (quivered)
Armour
 a - a +0 robe (worn)
 b - a +0 kite shield (worn)
 j - a +0 leather armour
 n - a +0 cloak (worn)
 r - a +0 ring mail
 s - a +0 chain mail
 t - a +2 pair of boots
 v - a +2 hat
 D - the +2 hat "Galehac" (worn) {rF+}
   (You found it on level 3 of the Dungeon)

   rF:        It protects you from fire.
 I - a +0 helmet
 J - a +0 scale mail
 L - a +0 kite shield
Jewellery
 e - a +4 ring of protection (left claw)
 i - an amulet of regeneration (around neck)
Wands
 E - a wand of iceblast (14)
 F - a wand of light (7)
Scrolls
 g - a scroll of butterflies
 m - 2 scrolls of vulnerability
 w - 2 scrolls of blinking {unknown}
 x - 2 scrolls of teleportation
 y - a scroll of amnesia {unknown}
 z - 4 scrolls of identify
 A - 2 scrolls of poison {unknown}
 N - a scroll of noise {unknown}
Potions
 c - a potion of might
 d - 4 potions of flight
 f - a potion of brilliance
 B - a potion of mutation
 G - a potion of berserk rage
 H - a potion of haste {unknown}
 K - a potion of heal wounds {unknown}
 M - a potion of lignification {unknown}


   Skills:
 + Level 3.4 Fighting
 + Level 3.5 Short Blades
 + Level 4.2 Dodging
 + Level 0.8 Stealth
 + Level 4.1 Shields
 + Level 2.1 Unarmed Combat


You had 6 spell levels left.
You didn't know any spells.
Your spell library contained the following spells:

 Spells                   Type           Power      Damage    Failure   Level
 Gell's Gravitas          Tloc           0%         N/A       98%         3
 Lesser Beckoning         Tloc           0%         N/A       98%         3
 Ozocubu's Armour         Ice            0%         N/A       98%         3
 Teleport Other           Tloc           0%         N/A       98%         3
 Dispersal                Tloc           0%         N/A       100%        6
 Ozocubu's Refrigeration  Ice            0%         4d7       100%        7


Dungeon Overview and Level Annotations

Branches:
Dungeon (5/15)
 Temple: D:4-7

Altars:
Vehumet


Innate Abilities, Weirdness & Mutations

You are too large for most types of armour.
You have claws for hands.
Your natural rate of healing is unusually fast.
You are covered in fur. (AC +1)
You have tough skin. (AC +1)


Message History

You struggle to resist.
You hit Menkaure.
Menkaure is moderately damaged.
Menkaure barely misses you.
You feel better. Menkaure hits you! The iguana bites you.
You barely miss Menkaure.
Menkaure is moderately damaged.
You block Menkaure's attack. The iguana completely misses you.
You block Menkaure's attack.
You completely miss Menkaure.
Menkaure is moderately damaged.
You block the iguana's attack. You block Menkaure's attack.
You barely miss Menkaure.
Menkaure is moderately damaged.
Menkaure hits you. You block the iguana's attack.
You hit Menkaure.
Menkaure is heavily damaged.
You block Menkaure's attack. The iguana bites you. Menkaure hits you!
* * * LOW HITPOINT WARNING * * *
You feel very mighty all of a sudden. You block the iguana's attack.
Menkaure calls on the powers of darkness!
Your body is wracked with pain!
* * * LOW HITPOINT WARNING * * *
The iguana convulses!
You feel better. You block the iguana's attack. Menkaure hits you!
* * * LOW HITPOINT WARNING * * *
You puncture Menkaure!
Menkaure is almost destroyed.
The iguana bites you but does no damage.
You block Menkaure's attack.
You feel better. Menkaure hits you!
* * * LOW HITPOINT WARNING * * *
The iguana bites you but does no damage.
Menkaure calls on the powers of darkness!
You feel a surge of unholy energy.
The iguana convulses!
You puncture Menkaure!
You destroy Menkaure!
The iguana bites you!
You die...

## .# ## ... ... .. . #...###..
.#.## #........ .#... ##..##..#
... ........#####.####..
#.................
#.......l@.!...... .....
#.###.......#...............##
..........#.#.####..##........
.###.....#.#.# ##..##........
#.................##...#..#.
#.#.......#.###........##...
#.#..#.####.###.............
#.#..#...............#.##.##
######.#..#...<#.###......#...†..


You could see an iguana.

Vanquished Creatures
  Menkaure (D:5)
  A bullfrog (D:4)
  A gnoll sergeant (D:5)
  3 hounds (D:5)
  2 orc priests (D:4)
  An iguana (D:5)
  Ijyb (D:4)
  Natasha (thrice) (D:3)
  2 orc wizards (D:4)
  6 adders
  7 gnolls
  An ufetubus (D:5)
  A dart slug (D:3)
  12 orcs
  2 endoplasms
  5 giant cockroaches
  8 goblins
  10 hobgoblins
  8 jackals
  3 quokkas
  3 ball pythons
  3 bats
  2 frilled lizards (D:2)
  4 kobolds
  5 rats
95 creatures vanquished.

Vanquished Creatures (others)
  2 fungi (D:3)
  3 plants (D:3)
5 creatures vanquished.

Grand Total: 100 creatures vanquished

Notes
Turn   | Place    | Note
-------+----------+-------------------------------------------
     0 | D:1      | govnacolonbrown the Troll Fighter began the quest for the
                  | Orb.
     0 | D:1      | Reached XP level 1. HP: 22/22 MP: 0/0
   441 | D:1      | Reached XP level 2. HP: 29/29 MP: 1/1
  1320 | D:2      | Reached XP level 3. HP: 35/36 MP: 2/2
  2058 | D:3      | Reached skill level 1 in Short Blades
  2060 | D:3      | Reached XP level 4. HP: 37/44 MP: 3/3
  2479 | D:3      | Found a faded altar of an unknown god.
  2843 | D:3      | Noticed Natasha
  2850 | D:3      | Killed Natasha
  2996 | D:3      | Identified the +2 hat "Galehac" {rF+}
  3120 | D:3      | Reached XP level 5. HP: 52/52 MP: 4/4
  3171 | D:3      | Noticed Natasha
  3178 | D:3      | Killed Natasha
  3266 | D:3      | Noticed Natasha
  3273 | D:3      | Killed Natasha
  3440 | D:4      | Reached XP level 6. HP: 47/61 MP: 5/5
  3456 | D:4      | Noticed Ijyb
  3465 | D:4      | Killed Ijyb
  4097 | D:4      | Found a radiant altar of Vehumet.
  4259 | D:5      | Entered Level 5 of the Dungeon
  4406 | D:5      | Reached XP level 7. HP: 48/67 MP: 6/6
  4665 | D:5      | Noticed Menkaure
  4679 | D:5      | HP: 2/67 [Menkaure (17)]
  4680 | D:5      | Killed Menkaure
  4680 | D:5      | Mangled by an iguana

Illustrated notes

Levels and vault maps discovered:
D:1:      scummos_arrival_hexagon, layout_loops_ring
D:2:      layout_basic
D:3:      layout_basic, shapermc_ecumenical_altar_ellora, uniq_natasha
D:4:      layout_basic, nicolae_overflow_crystal_walls, uniq_ijyb
D:5:      layout_basic, minmay_temple_entry_statues_pillars, uniq_menkaure

Skill      XL: |  1  2  3  4  5  6  7 |
---------------+----------------------+-----
Shields        | 3 4 |  4.1
Short Blades   | 1 2 3 |  3.5
Dodging        | 3 4 |  4.2
Fighting       | 3 |  3.4
Stealth        | |  0.8
Unarmed Combat | |  2.1

Action                   |  1- 3 |  4- 6 |  7- 9 || total
-------------------------+-------+-------+-------++-------
Melee: Short sword       |    69 |   176 |    43 ||   288
       Unarmed           |     9 |       |       ||     9
  Use: Scroll            |     8 |     4 |       ||    12
       Potion            |     1 |     1 |     4 ||     6
Armor: Robe              |    48 |    54 |    16 ||   118
Dodge: Dodged            |    29 |    58 |    14 ||   101
Block: Kite shield       |    28 |    83 |    23 ||   134

Table legend: (Time is in decaauts)
 A = Elapsed time spent in this place.
 B = Non-inter-level travel time spent in this place.
 C = Inter-level travel time spent in this place.
 D = Time resting spent in this place.
 E = Time spent auto-exploring this place.
 F = Levels seen in this place.
 G = Mean time per level.
                   A        B        C        D        E       F      G
               +--------+--------+--------+--------+--------+-----+--------+
         Total |   4718 |   4625 |     93 |      0 |      0 |   5 |  943.6 |
       Dungeon |   4718 |   4625 |     93 |      0 |      0 |   5 |  943.6 |
               +--------+--------+--------+--------+--------+-----+--------+

Top non-repeatable levels by time:
     D:3: 1405 daAuts
     D:1: 1120 daAuts
     D:4: 889 daAuts
     D:2: 878 daAuts
     D:5: 424 daAuts
